 Dungeon Crawl Stone Soup version 0.32-a0-132-g2d33c3cfaf (webtiles) character file.

Game seed: 15848304224170667299

262384 nago the Warrior (level 19, -2/158 (164) HPs)
             Began as a Demonspawn Cinder Acolyte on Feb 9, 2024.
             Was a High Priest of Ignis.
             Slain by a +1 heavy war axe (20 damage)
             ... on level 3 of the Elven Halls.
             The game lasted 01:36:27 (57591 turns).

nago the Warrior (Demonspawn Cinder Acolyte)       Turns: 57591, Time: 01:36:27

HP:   -2/158 (164)  AC: 28    Str: 16    XL:     19   Next: 60%
MP:   6/33          EV: 16    Int: 19    God:    Ignis [*****.]
Gold: 1656          SH:  4    Dex: 11    Spells: 10/38 levels left

rFire   + . .        b - +4 demon blade (flame)
rCold   . . .        Y - sphere of Battle
rNeg    + . .        A - +0 acid dragon scales
rPois   +            X - +2 helmet
rElec   .            N - +1 cloak {rPois}
rCorr   +            (gloves unavailable)
SInv    .            C - +2 pair of boots of Impatience {rN+ Stlth+}
Will    ++...        g - amulet of regeneration
Stlth   ++++         k - ring of willpower
HPRegen 1.26/turn    O - +4 ring of protection {=R}
MPRegen 0.23/turn

%: no passive effects
@: mighty, lightly drained
A: claws 3, yellow scales 3, icemail 1, black mark, condensation shield, demonic
magic 3, bedeviling
}: 1/15 runes: gossamer
a: Renounce Religion, Fiery Armour, Foxfire Swarm, Rising Flame


You were on level 3 of the Elven Halls.
You worshipped Ignis.
Ignis was extremely pleased with you.
You visited 6 branches of the dungeon, and saw 31 of its levels.
You also visited: Gauntlet, Ice Cave, Volcano and Desolation.

You collected 3530 gold pieces.
You spent 1874 gold pieces at shops.


Innate Abilities, Weirdness & Mutations

You have claws for hands.
You are completely covered in yellow scales. (AC +4, rCorr)
A meltable icy envelope protects you from harm. (AC +4)
Your melee attacks may debilitate your foes.
A meltable shield of frost defends you. (SH +4)
Spells you cast and wands you use may paralyse nearby enemies.
Your hexes are more powerful.


   Skills:
 - Level 18.5 Fighting
 - Level 8.0(10.6) Short Blades
 + Level 11.0(12.1) Long Blades
 - Level 2.6 Maces & Flails
 - Level 5.0 Armour
 + Level 14.6 Dodging
 - Level 8.0 Stealth
 - Level 10.0 Spellcasting
 - Level 10.0 Conjurations
 - Level 8.0 Hexes
 - Level 4.0 Translocations
 + Level 8.6 Fire Magic
 + Level 10.5 Air Magic
 - Level 2.0 Evocations


You had 10 spell levels left.
You knew the following spells:

 Your Spells              Type           Power      Damage    Failure   Level
c - Airstrike             Air            32%        2d(5-21)  1%          4
d - Ensorcelled Hibernat  Hex/Ice        48%        N/A       2%          2
f - Cause Fear            Hex            19%        N/A       3%          4
i - Swiftness             Air            24%        N/A       1%          3
x - Arcjolt               Conj/Air       32%        1d42      4%          5
z - Scorch                Fire           100%       2d9       1%          2
B - Blink                 Tloc           24%        N/A       2%          2
X - Plasma Beam           Fire/Air       31%        2x1d44    28%         6

Your spell library contained the following spells:

 Spells                   Type           Power      Damage    Failure   Level
 Apportation              Tloc           24%        N/A       1%          1
 Shock                    Conj/Air       100%       1d9       1%          1
 Jinxbite                 Hex            78%        N/A       1%          2
 Mercury Vapours          Alch/Air       88%        N/A       1%          2
 Inner Flame              Hex/Fire       75%        N/A       1%          3
 Sigil of Binding         Hex            39%        N/A       1%          3
 Lesser Beckoning         Tloc           24%        N/A       2%          2
 Volatile Blastmotes      Fire/Tloc      100%       2d18      2%          3
 Hailstorm                Conj/Ice       42%        3d9       3%          3
 Gell's Gravitas          Tloc           12%        N/A       5%          3
 Teleport Other           Tloc           12%        N/A       5%          3
 Dimensional Bullseye     Hex/Tloc       16%        N/A       9%          4
 Summon Small Mammal      Summ           16%        N/A       10%         1
 Sublimation of Blood     Necr           4%         N/A       14%         2
 Summon Blazeheart Golem  Fire/Summ      12%        N/A       16%         4
 Anguish                  Hex/Necr       12%        N/A       19%         4
 Passage of Golubria      Tloc           12%        N/A       19%         4
 Fugue of the Fallen      Necr           4%         N/A       28%         3
 Summon Ice Beast         Ice/Summ       4%         N/A       28%         3
 Starburst                Conj/Fire      30%        6d9       32%         6
 Irradiate                Conj/Alch      21%        3d18      34%         5
 Metabolic Englaciation   Hex/Ice        12%        N/A       45%         5
 Summon Mana Viper        Hex/Summ       24%        N/A       45%         5
 Dispel Undead            Necr           4%         3d7       67%         4
 Martyr's Knell           Necr/Summ      4%         N/A       67%         4
 Olgreb's Toxic Radiance  Alch           14%        N/A       67%         4
 Petrify                  Alch/Erth      4%         N/A       67%         4
 Alistair's Intoxication  Alch           2%         N/A       95%         5
 Curse of Agony           Necr           4%         N/A       95%         5
 Enfeeble                 Hex            19%        N/A       97%         7
 Sculpt Simulacrum        Ice/Alch       2%         N/A       100%        6
 Malign Gateway           Summ/Tloc      4%         N/A       100%        7
 Ozocubu's Refrigeration  Ice            7%         4d9       100%        7
 Discord                  Hex            19%        N/A       100%        8
 Disjunction              Tloc           6%         N/A       100%        8
 Ignition                 Fire           29%        3d9       100%        8
 Lehudib's Crystal Spear  Conj/Erth      21%        10d6      100%        8
 Chain Lightning          Conj/Air       32%        3d42      100%        9
 Fire Storm               Conj/Fire      30%        8d8       100%        9
 Shatter                  Erth           7%         3d9*      100%        9

Inventory:

Hand Weapons
 a - the +3 quick blade of the Reaper {flame, rCorr Int+4 Dex+2 Stlth-}
   (You found it in the Desolation of Salt)

   Int+4:     It affects your intelligence (+4).
   Dex+2:     It affects your dexterity (+2).
   rCorr:     It protects you from acid and corrosion.
   Stlth-:    It makes you less stealthy.
 b - a +4 demon blade of flaming (weapon)
Missiles
 G - 6 curare-tipped darts {=f}
 K - a throwing net {=f}
Armour
 A - +0 acid dragon scales (worn)
 C - the +2 pair of boots of Impatience (worn) {rN+ Stlth+}
   (You found it on level 4 of the Spider Nest)

   rN+:       It protects you from negative energy.
   Stlth+:    It makes you more stealthy.
 N - a +1 cloak of poison resistance (worn)
 X - a +2 helmet (worn)
 Y - the sphere of Battle (worn)
   (You acquired it on level 3 of the Dungeon)

   Battle:    It summons a battlesphere in combat, with strength depending on
   Conjurations skill.
   Destructive: It enhances your destructive magic, and weakens non-destructive
   magic.
Jewellery
 g - an amulet of regeneration (around neck)
 k - a ring of willpower (left claw)
 l - a ring of protection from cold
 o - a +4 ring of slaying
 p - the ring "Todoecha" {Wiz Str+2 Int+2 Dex-2 Slay+3}
   (You found it in the Desolation of Salt)

   [ring of wizardry]

   Wiz:       It improves your spell success rate.
   Str+2:     It affects your strength (+2).
   Int+2:     It affects your intelligence (+2).
   Dex-2:     It affects your dexterity (-2).
   Slay+3:    It affects your accuracy & damage with ranged weapons and melee
   (+3).
 O - a +4 ring of protection (right claw) {=R}
 P - the ring "Laclykh" {rC+ Str-2 Int-2 Dex+7 Stlth+}
   (You found it in the Desolation of Salt)

   [ring of protection from cold]

   Str-2:     It affects your strength (-2).
   Int-2:     It affects your intelligence (-2).
   Dex+7:     It affects your dexterity (+7).
   rC+:       It protects you from cold.
   Stlth+:    It makes you more stealthy.
 Z - a +6 ring of intelligence
Wands
 m - a wand of flame (18)
 q - a wand of mindburst (29)
 t - a wand of paralysis (23)
 y - a wand of iceblast (6)
 D - a wand of digging (1)
 I - a wand of light (6)
 J - a wand of polymorph (11)
Scrolls
 f - 3 scrolls of fog
 i - 2 scrolls of revelation
 w - a scroll of vulnerability
 z - 2 scrolls of poison
 B - 10 scrolls of blinking
 F - 3 scrolls of fear
 S - 2 scrolls of summoning
 T - 4 scrolls of teleportation {@r4}
 U - 3 scrolls of immolation
Potions
 c - 5 potions of curing {@q1}
 e - 3 potions of enlightenment
 h - 3 potions of heal wounds {@q2}
 j - 3 potions of invisibility
 n - 2 potions of brilliance
 r - 2 potions of berserk rage {!q}
 s - 6 potions of attraction
 v - 6 potions of mutation
 x - 10 potions of lignification
 H - 9 potions of haste {@q3}
 M - 4 potions of might
 Q - 2 potions of cancellation
 R - 3 potions of resistance
 V - 11 potions of ambrosia
Miscellaneous
 L - a phantom mirror

Dungeon Overview and Level Annotations

Branches:
Dungeon (15/15)            Temple (0/1) D:7            Lair (5/5) D:11
  Swamp (0/4) Lair:2       Spider (4/4) Lair:2        Slime (0/5) Lair:5
    Orc (2/2) D:12            Elf (3/3) Orc:2        Vaults (2/5) D:13
  IceCv (visited)         Volcano (visited)         Desolation (visited)
Gauntlet (visited)
  Crypt: Vaults:2-3  Depths: D:15

Altars:
Ashenzari
Cheibriados
Gozag
Okawaru
Ru
Uskayaw
Wu Jian
Jiyva

Shops:
Orc:2 !**=?[   Elf:1 *   Vaults:1 [(**(

Portals:
Pandemonium: Orc:2

Annotations:
D:2 1 runed translucent door, Crazy Yiuf
D:4 3 runed translucent doors, funaii's ghost, novice GnHs
Lair:2 1 runed translucent door
Lair:5 2 runed translucent doors
Spider:3 Bai Suzhen
Elf:2 3 runed translucent doors

▒▒▒▒▒
▒▒.⌠.▒▒
▒.{@.✱▒
▒⌠.<.⌠▒
▒.....▒
▒▒...▒▒
▒▒+▒▒


You could see a +1 heavy war axe (ally target) and a friendly battlesphere.


Message History

The +2 mace of protection is heavily damaged.
The +2 mace of protection hits you!
* * * LOW HITPOINT WARNING * * *
The +2 mace of protection misses you.
Unknown command.
You slash the +2 mace of protection!
The +2 mace of protection is almost destroyed.
The +1 heavy war axe hits you but does no damage.
The +2 mace of protection closely misses you.
Unknown command.
You miss the +2 mace of protection.
The +2 mace of protection is almost destroyed.
The +2 mace of protection barely misses you.
The +1 heavy war axe hits you!
* * * LOW HITPOINT WARNING * * *
Unknown command.
You slash the +2 mace of protection!
The +2 mace of protection falls from the air.
Unknown command.
You closely miss the +1 heavy war axe.
The +1 heavy war axe completely misses you.
Unknown command.
You barely miss the +1 heavy war axe.
The +1 heavy war axe hits you but does no damage.
You barely miss the +1 heavy war axe. You slash the +1 heavy war axe!
The +1 heavy war axe is heavily damaged.
The +1 heavy war axe hits you!!
You die...
Ignis goes out, and joins you in death.

Skill      XL: |  1  2  3  4  5  6  7  8  9 10 11 12 13 14 15 16 17 18 19 |
---------------+----------------------------------------------------------+-----
Fire Magic     | 3 4 6 7 8 |  8.6
Spellcasting   | 2 3 4 5 7 8 10 | 10.0
Short Blades   | 1 2 3 4 6 7 8 |  8.0
Fighting       | 4 5 6 7 9 11 12 13 14 15 16 18 | 18.5
Stealth        | 1 2 3 4 5 6 8 |  8.0
Evocations     | 2 |  2.0
Dodging        | 3 5 7 9 10 11 12 13 14 | 14.6
Conjurations   | 4 7 9 10 | 10.0
Hexes          | 3 5 8 |  8.0
Translocations | 3 4 |  4.0
Air Magic      | 6 8 10 | 10.5
Armour         | 4 5 |  5.0
Long Blades    | 4 7 9 11 | 11.0
Maces & Flails | |  2.6

Action                     |  1- 3 |  4- 6 |  7- 9 | 10-12 | 13-15 | 16-18 | 19-21 || total
---------------------------+-------+-------+-------+-------+-------+-------+-------++-------
  Melee: Mace              |    26 |    17 |       |       |       |       |       ||    43
         Dagger            |    11 |    36 |    71 |    99 |   363 |   288 |    10 ||   878
         Punch             |       |     2 |       |       |       |       |       ||     2
         Demon blade       |       |       |       |       |    41 |   251 |   299 ||   591
         Quick blade       |       |       |       |       |       |       |     6 ||     6
   Cast: Scorch            |    21 |    52 |   126 |   273 |   753 |   273 |     4 ||  1502
         Arcjolt           |       |       |       |       |    37 |   309 |    66 ||   412
         Cause Fear        |       |       |       |       |     4 |     6 |     3 ||    13
         Ensorcelled Hiber |       |       |       |       |       |     1 |       ||     1
         Blink             |       |       |       |       |       |     1 |       ||     1
         Airstrike         |       |       |       |       |       |       |    46 ||    46
  Evoke: Wand              |       |     3 |       |     1 |     7 |    13 |       ||    24
         Phantom mirror    |       |       |       |       |     1 |       |       ||     1
    Use: Scroll            |     3 |     4 |     1 |     7 |    15 |     5 |     7 ||    42
         Potion            |       |       |       |       |     4 |     8 |     3 ||    15
   Stab: Paralysed         |     9 |    23 |    34 |    76 |   230 |   186 |    10 ||   568
         Sleeping          |       |       |     3 |     1 |     6 |    10 |       ||    20
         Distracted        |       |       |       |       |     1 |       |     1 ||     2
 Armour: Robe              |    43 |    47 |    13 |       |       |       |       ||   103
         Steam dragon scal |       |       |    39 |   200 |   491 |       |       ||   730
         Acid dragon scale |       |       |       |       |   347 |  1230 |   419 ||  1996
         Skin              |       |       |       |       |       |    13 |       ||    13
  Dodge: Dodged            |    30 |    36 |    41 |   176 |   692 |   862 |   318 ||  2155
  Block: Other             |       |     4 |       |       |       |     3 |       ||     7

Levels and vault maps discovered:
D:1:      minmay_arrival_radiant_lines, layout_loops_ring, serial_shops, shop
D:2:      layout_rooms, minmay_misc_feat_iff, uniq_robin, uniq_jessica,
          uniq_crazy_yiuf_cottage
D:3:      kennysheep_goblin_castle, layout_rooms, lemuel_tele_altar,
          kennysheep_generic_room_6, uniq_terence
D:4:      layout_rooms, nzn_wu_jian_contemplation, nicolae_ashenzari_panopticon,
          marbit_many_paths, okawaru_gym_becter, ebering_ghost_gozag
D:5:      layout_gridville, grunt_temple_overflow_gold_and_silver
D:6:      layout_basic, uniq_sigmund, uniq_grinder, uniq_jeremiah, uniq_maggie
D:7:      layout_gridville, minmay_temple_entry_proselytizer,
          chequers_arboretum, wad_woods_river_04
D:8:      layout_basic, general_overflow_altar, special_room [special_room_orc],
          nicolae_figureground_pulse, uniq_prince_ribbit1
D:9:      layout_long_grid, serial_glass, glass_columns_a, glass_columns_c,
          hellmonk_guarded_unrand_vitality_bloodlust
D:10:     layout_roguey, grunt_decor_resistance, st_stairs_1
D:11:     layout_small_grid, erik_lair_island, uniq_harold, uniq_josephine
D:12:     layout_gridville, orc_0_dummy, roderic_lattice_a,
          nicolae_ru_sacrificial_ziggurat
D:13:     layout_basic, skrybe_vaults_entry_preservation, minivault_23
D:14:     layout_loops_cross, minmay_misc_feat_enclosed, minivault_28
D:15:     hellmonk_depths_entry_around_the_bend, layout_cave_pools,
          chequers_hall_statues_corner_a, special_room [special_room_bee]
Lair:1:   layout_gridlike, chequers_serial_rivers_micro_b, serial_bayou_shore_b
Lair:2:   dreamdust_labyrinth, layout_chaotic_city, nicolae_swamp_entry_spooky,
          nicolae_spider_entry_tight_spaces, minmay_lindwurm_lava,
          lemuel_fruit_tree, infiniplex_staircase_pool_2
Lair:3:   layout_cave_pods, serial_rivers, chequers_serial_rivers_micro_b,
          chequers_serial_rivers_micro_d, chequers_serial_rivers_small_a,
          chequers_serial_rivers_small_b, chequers_serial_rivers_marsh,
          nicolae_volcano_entry_vermiform
Lair:4:   layout_loops_ring, gauntlet_entry_generic
Lair:5:   cheibrodos_lair_end_hotspot, layout_misc_corridors,
          minmay_slime_entry_jelly_boxes, portal_ice_cave_entry_ice_simulacra,
          minmay_lair_oklob_items, uniq_snorg, uniq_rupert
Spider:1: layout_spider_delve, nicolae_crawler_farm, uniq_mlioglotl
Spider:2: layout_cave_pods, special_room, uniq_arachne
Spider:3: layout_spider_delve
Spider:4: spider_rune_water, uniq_bai_suzhen
Orc:1:    layout_caves
Orc:2:    pf_orc_diabolical, layout_caves, serial_shops,
          nicolae_shop_real_fake_doors, shop,
          einodemon_armed_red_devil_minivault
Elf:1:    eino_elf_arrival_customs, layout_geoelf_octagon, serial_shops, shop,
          nicolae_elf_crossing_hall
Elf:2:    nicolae_elf_blades_crystal_corner, layout_geoelf_grid,
          portal_desolation_entry_nicolae_nacl, minivault_16, uniq_azrael
Elf:3:    minmay_elf_hall_dome, layout_rooms, grunt_megastairs_1,
          minmay_shop_star, uniq_zenata
Vaults:1: vaults_room_grunt_arrival_ludios, vaults_room_fours,
          ontoclasm_vaults_bender, serial_library_hellmonk_open_square,
          st_lattice, nicolae_vaults_heart-shaped_vault, v_misc_31, v_rooms_4,
          nicolae_vaults_trapezoid_lopsided_1, vaults_room_fancy_cross,
          v_misc_28, nicolae_vaults_apartment_2, v_misc_8,
          nicolae_vaults_diamond_1, nicolae_vaults_tetromino_T_1,
          layout_vaults_maze, serial_shops, nicolae_shop_hallway_plus, shop,
          nicolae_shop_waterfront, shop, shop
Vaults:2: minmay_crypt_entry_simple_corners, hangedman_vaults_stagger,
          vaults_dpeg_doors, nicolae_vaults_offset_grid_hallway_3,
          grunt_vaults_focal, nicolae_vaults_trapezoid_1,
          nicolae_vaults_lightning_bolt, sword_in_stone, hangedman_vaults_nails,
          nicolae_vaults_tetromino_Z_1, dpeg_vaults_monster_row,
          vaults_dpeg_ring, layout_vaults_omnicross

Notes
Turn   | Place    | Note
-------+----------+-------------------------------------------
     0 | D:1      | nago the Demonspawn Cinder Acolyte began the quest for the
                  | Orb.
     0 | D:1      | Reached XP level 1. HP: 18/18 MP: 2/2
    62 | D:1      | Got Sif Muna's Directory of Dimensional Geology
   202 | D:1      | Found Ranasaf's Distillery.
   226 | D:1      | Gained mutation: You have sharp fingernails. [demonic
                  | ancestry]
   226 | D:1      | Reached XP level 2. HP: 13/24 MP: 3/3
   229 | D:1      | Learned a level 2 spell: Scorch
   382 | D:1      | Reached skill level 3 in Fire Magic
   711 | D:2      | Noticed Jessica
   713 | D:2      | Killed Jessica
   714 | D:2      | Gained mutation: Spells you cast may paralyse adjacent
                  | enemies. [demonic ancestry]
   714 | D:2      | Reached XP level 3. HP: 29/29 MP: 2/5
   980 | D:2      | Noticed Robin
  1084 | D:1      | Reached skill level 2 in Spellcasting
  1276 | D:2      | Killed Robin
  1277 | D:2      | Gained mutation: A meltable shield of frost defends you.
                  | (SH +4) [demonic ancestry]
  1277 | D:2      | Reached XP level 4. HP: 36/37 MP: 2/7
  1496 | D:2      | Found a runed translucent door.
  1497 | D:2      | Noticed Crazy Yiuf
  2119 | D:3      | You fall into a shaft and drop 2 floors!
  2119 | D:5      | Entered Level 5 of the Dungeon
  2167 | D:4      | Reached skill level 1 in Short Blades
  2223 | D:4      | Found a runed translucent gate.
  2225 | D:4      | Found a runed translucent gate.
  2226 | D:4      | Found a runed translucent gate.
  2228 | D:4      | Found an opulent altar of Gozag.
  2229 | D:4      | Noticed funaii's ghost (novice GnHs)
  2231 | D:4      | Noticed a scorpion
  2280 | D:3      | Noticed Terence
  2463 | D:3      | Reached skill level 4 in Fighting
  2668 | D:3      | Found a snail-covered altar of Cheibriados.
  2730 | D:3      | Killed Terence
  2731 | D:3      | Gained mutation: You are partially covered in yellow
                  | scales. (AC +2) [demonic ancestry]
  2731 | D:3      | Reached XP level 5. HP: 21/42 MP: 2/8
  2919 | D:3      | Noticed Ijyb
  2926 | D:3      | Paralysed by Ijyb for 2 turns
  2933 | D:3      | Killed Ijyb
  3053 | D:3      | Identified a scroll of acquirement
  3057 | D:3      | Acquired the sphere of Battle
  3057 | D:3      | Found the sphere of Battle
  3133 | D:4      | Reached skill level 1 in Stealth
  3204 | D:4      | Gained mutation: You have very sharp fingernails. [demonic
                  | ancestry]
  3204 | D:4      | Reached XP level 6. HP: 48/48 MP: 5/10
  3514 | D:4      | Found an iron altar of Okawaru.
  3519 | D:4      | Identified the +1 dagger of Kolitam {speed, rC+ Will+ SInv}
  3587 | D:4      | Found an ornate altar of the Wu Jian Council.
  3772 | D:4      | Found a broken altar of Ashenzari.
  4070 | D:5      | Reached skill level 2 in Short Blades
  4070 | D:5      | Reached skill level 3 in Spellcasting
  4070 | D:5      | Reached skill level 4 in Fire Magic
  4184 | D:5      | Reached skill level 2 in Stealth
  4249 | D:5      | Reached XP level 7. HP: 55/55 MP: 6/11
  4344 | D:5      | Got the Vellum of Ill-fated Argyropoeia
  4354 | D:5      | Found an opulent altar of Gozag.
  5030 | D:6      | Reached skill level 5 in Fighting
  5288 | D:6      | Reached skill level 3 in Short Blades
  5290 | D:6      | Reached skill level 3 in Stealth
  5338 | D:6      | Reached skill level 4 in Spellcasting
  5338 | D:6      | Reached XP level 8. HP: 60/62 MP: 1/14
  5658 | D:6      | Reached skill level 5 in Fire Magic
  5744 | D:6      | Noticed Maggie
  5751 | D:6      | Killed Maggie
  5850 | D:6      | Reached skill level 4 in Stealth
  6049 | D:6      | Reached skill level 6 in Fighting
  6049 | D:6      | Reached skill level 4 in Short Blades
  6159 | D:6      | Noticed Sigmund
  6165 | D:6      | Killed Sigmund
  6166 | D:6      | Reached skill level 5 in Spellcasting
  6316 | D:6      | Noticed Jeremiah
  6324 | D:6      | Killed Jeremiah
  6325 | D:6      | Reached skill level 6 in Fire Magic
  6325 | D:6      | Reached XP level 9. HP: 68/71 MP: 9/16
  6585 | D:6      | Noticed Grinder
  6603 | D:6      | Killed Grinder
  6604 | D:6      | Reached skill level 5 in Stealth
  6966 | D:7      | Found a staircase to the Ecumenical Temple.
  7082 | D:7      | Reached skill level 1 in Evocations
  7083 | D:7      | Reached skill level 1 in Dodging
  7240 | D:7      | Reached skill level 7 in Fighting
  7469 | D:7      | Reached skill level 2 in Evocations
  7820 | D:8      | Noticed Prince Ribbit
  7824 | D:8      | Reached skill level 2 in Dodging
  7832 | D:8      | Killed Prince Ribbit
  7833 | D:8      | Reached skill level 7 in Fire Magic
  8442 | D:8      | Reached skill level 3 in Dodging
  8930 | D:8      | Found a hide-covered altar of Uskayaw.
  8992 | D:8      | Gained mutation: A meltable icy envelope protects you from
                  | harm. (AC +4) [demonic ancestry]
  8992 | D:8      | Reached XP level 10. HP: 72/80 MP: 7/17
  9214 | D:9      | Reached skill level 8 in Fighting
  9214 | D:9      | Reached skill level 1 in Conjurations
  9568 | D:9      | Reached skill level 2 in Conjurations
  9573 | D:9      | Reached skill level 4 in Dodging
  9799 | D:9      | Noticed a deep troll
  9801 | D:9      | Found the necklace of Bloodlust {Fury *Rage Will++ Int-3
                  | Slay+6}
  9808 | D:9      | Killed a deep troll
  9809 | D:9      | Reached skill level 3 in Conjurations
  9809 | D:9      | Reached skill level 8 in Fire Magic
 10228 | D:9      | Reached skill level 5 in Dodging
 10228 | D:9      | Reached skill level 4 in Conjurations
 10348 | D:10     | Entered Level 10 of the Dungeon
 10365 | D:10     | Reached skill level 9 in Fighting
 10671 | D:10     | Noticed a two-headed ogre
 10679 | D:10     | Killed a two-headed ogre
 10744 | D:10     | Noticed a two-headed ogre
 10778 | D:10     | Killed a two-headed ogre
 10779 | D:10     | Gained mutation: You have claws for hands. [demonic
                  | ancestry]
 10779 | D:10     | Reached XP level 11. HP: 89/89 MP: 11/18
 10956 | D:10     | Reached skill level 5 in Conjurations
 11579 | D:10     | Reached skill level 6 in Dodging
 11661 | D:11     | Noticed Josephine
 11732 | D:11     | Noticed a two-headed ogre
 11737 | D:11     | Killed a two-headed ogre
 11848 | D:11     | Noticed a two-headed ogre
 11883 | D:11     | Killed a two-headed ogre
 11884 | D:11     | Reached skill level 10 in Fighting
 11980 | D:11     | Found a staircase to the Lair.
 11993 | D:11     | Reached skill level 6 in Conjurations
 12587 | D:11     | Reached skill level 7 in Dodging
 12814 | D:11     | Killed Josephine
 12815 | D:11     | Reached skill level 7 in Conjurations
 13018 | D:11     | Noticed Harold
 13031 | D:11     | Killed Harold
 13779 | D:12     | Reached skill level 11 in Fighting
 13779 | D:12     | Gained mutation: Your hexes are more powerful. [demonic
                  | ancestry]
 13779 | D:12     | Reached XP level 12. HP: 100/100 MP: 12/19
 13996 | D:12     | Found a staircase to the Orcish Mines.
 14091 | D:12     | Found a sacrificial altar of Ru.
 14131 | D:12     | Reached skill level 8 in Dodging
 14652 | D:13     | Noticed a boulder beetle
 14657 | D:13     | Noticed a tengu warrior
 14661 | D:13     | Noticed a tengu warrior
 14956 | D:13     | Killed a tengu warrior
 14957 | D:13     | Reached skill level 8 in Conjurations
 15119 | D:13     | Noticed a boulder beetle
 15129 | D:13     | Killed a boulder beetle
 15176 | D:13     | Noticed a boulder beetle
 15192 | D:13     | Killed a boulder beetle
 15807 | D:12     | HP: 9/102 [skeletal warrior/+0 mace (19)]
 16232 | D:12     | Reached skill level 12 in Fighting
 16232 | D:12     | Reached skill level 9 in Conjurations
 16378 | D:12     | Reached skill level 9 in Dodging
 16647 | D:13     | Noticed a centaur warrior
 16655 | D:13     | Killed a centaur warrior
 16705 | D:13     | Killed a boulder beetle
 16980 | D:13     | Noticed a centaur warrior
 17160 | D:12     | Killed a tengu warrior
 17537 | D:13     | Noticed a boulder beetle
 17558 | D:13     | Killed a boulder beetle
 17752 | D:13     | Noticed an eight-headed hydra
 17758 | D:13     | Killed an eight-headed hydra
 17876 | D:13     | Found a gate to the Vaults.
 17876 | D:13     | Noticed a boulder beetle
 17876 | D:13     | Noticed a centaur warrior
 17876 | D:13     | Noticed an ironbound preserver
 17904 | D:13     | Killed a centaur warrior
 17905 | D:13     | Gained mutation: You are mostly covered in yellow scales.
                  | (AC +3) [demonic ancestry]
 17905 | D:13     | Reached XP level 13. HP: 60/109 MP: 11/21
 18052 | D:13     | Killed an ironbound preserver
 18541 | D:13     | Reached skill level 10 in Conjurations
 18784 | Lair:1   | Entered Level 1 of the Lair of Beasts
 19076 | Lair:1   | Reached skill level 6 in Spellcasting
 19158 | Lair:1   | Reached skill level 10 in Dodging
 19516 | Lair:1   | Reached skill level 13 in Fighting
 19529 | Lair:1   | Reached skill level 5 in Short Blades
 19967 | D:1      | Bought a potion of lignification for 39 gold pieces
 19967 | D:1      | Bought a potion of degeneration for 13 gold pieces
 19967 | D:1      | Bought a potion of attraction for 39 gold pieces
 19967 | D:1      | Bought a potion of brilliance for 52 gold pieces
 19967 | D:1      | Bought a potion of haste for 130 gold pieces
 19967 | D:1      | Bought a potion of lignification for 39 gold pieces
 19967 | D:1      | Bought a potion of cancellation for 104 gold pieces
 20870 | Lair:2   | Learned a level 4 spell: Cause Fear
 20959 | Lair:2   | Found a runed translucent door.
 21001 | Lair:2   | Reached skill level 7 in Spellcasting
 21006 | Lair:2   | Reached skill level 1 in Hexes
 21235 | Lair:2   | Found a hole to the Spider Nest.
 21664 | Lair:2   | Found a staircase to the Swamp.
 21797 | Lair:2   | Reached skill level 6 in Short Blades
 21801 | Lair:2   | Reached skill level 2 in Hexes
 22371 | Lair:3   | Found a dark tunnel.
 22404 | Volcano  | Entered a volcano
 22585 | Volcano  | Reached skill level 3 in Hexes
 22703 | Volcano  | Gained mutation: You are completely covered in yellow
                  | scales. (AC +4, rCorr) [demonic ancestry]
 22703 | Volcano  | Reached XP level 14. HP: 108/119 MP: 15/25
 24167 | Lair:3   | Identified the +1 ring mail "Bogean" {-Tele ^Contam Will+++
                  | rCorr}
 24431 | Lair:4   | Reached skill level 4 in Hexes
 24453 | Lair:4   | Reached skill level 8 in Spellcasting
 24506 | Lair:4   | Found a gate leading to a gauntlet.
 24517 | Gauntlet | Entered a Gauntlet
 24517 | Gauntlet | Found a transporter.
 24517 | Gauntlet | Found a transporter.
 24564 | Gauntlet | Found a transporter.
 24566 | Gauntlet | Found a transporter.
 24571 | Gauntlet | Found a transporter.
 24578 | Gauntlet | Found a transporter.
 24586 | Gauntlet | Found a transporter.
 24588 | Gauntlet | Found a transporter.
 24588 | Gauntlet | Found a transporter.
 24594 | Gauntlet | Found a transporter.
 24630 | Gauntlet | Found a transporter.
 24648 | Gauntlet | Found a transporter.
 24693 | Gauntlet | Found a transporter.
 24714 | Gauntlet | Found a transporter.
 24811 | Gauntlet | Found a transporter.
 24825 | Gauntlet | Found a transporter.
 25098 | Gauntlet | Got Sif Muna's Almanac of the Jaunt and Bombardment
 25102 | Gauntlet | Learned a level 2 spell: Blink
 25168 | Gauntlet | Reached skill level 7 in Short Blades
 25171 | Gauntlet | Reached skill level 14 in Fighting
 25251 | Gauntlet | Identified the +6 flail of Causality {freeze, rC++ Int+6}
 25521 | Lair:4   | Reached skill level 1 in Translocations
 26485 | Lair:5   | Entered Level 5 of the Lair of Beasts
 26634 | Lair:5   | Noticed Rupert
 26639 | Lair:5   | Paralysed by Rupert for 5 turns
 26645 | Lair:5   | Killed Rupert
 26646 | Lair:5   | Reached skill level 2 in Translocations
 26732 | Lair:5   | Found a frozen archway.
 26745 | Lair:5   | Reached skill level 5 in Hexes
 26750 | IceCv    | Entered an ice cave
 27585 | IceCv    | Reached skill level 6 in Stealth
 27591 | IceCv    | Noticed a reaper
 28037 | Lair:5   | Found a large runed translucent door.
 28037 | Lair:5   | Found a large runed translucent door.
 28740 | Lair:5   | Reached skill level 3 in Translocations
 28893 | Lair:5   | Found a viscous altar of Jiyva.
 28901 | Lair:5   | Found a staircase to the Slime Pits.
 29032 | Lair:5   | Noticed Snorg
 29042 | Lair:5   | Killed Snorg
 29702 | Lair:1   | Learned a level 5 spell: Arcjolt
 29707 | Lair:1   | Identified 3 potions of resistance
 30152 | D:14     | Gained mutation: Spells you cast may paralyse nearby
                  | enemies. [demonic ancestry]
 30152 | D:14     | Reached XP level 15. HP: 92/127 MP: 6/27
 30288 | D:13     | Reached skill level 8 in Short Blades
 30471 | D:14     | Reached skill level 9 in Spellcasting
 30610 | D:14     | Reached skill level 6 in Hexes
 30797 | D:13     | Reached skill level 7 in Stealth
 30797 | D:13     | Reached skill level 4 in Translocations
 31524 | Orc:1    | Entered Level 1 of the Orcish Mines
 31932 | Orc:2    | Entered Level 2 of the Orcish Mines
 32039 | Orc:2    | Reached skill level 1 in Air Magic
 32431 | Orc:2    | Found Wanooff's General Store.
 32434 | Orc:2    | Bought a scroll of identify for 30 gold pieces
 32481 | Orc:2    | Found a staircase to the Elven Halls.
 32486 | Orc:2    | Found Werapuin's Distillery.
 32879 | Orc:2    | Bought a potion of magic for 88 gold pieces
 32879 | Orc:2    | Bought a potion of mutation for 88 gold pieces
 33272 | Orc:2    | Found Topyoxzi's Magic Scroll Boutique.
 33373 | Orc:2    | Found Ipun's General Store.
 33375 | Orc:2    | Reached skill level 2 in Air Magic
 33449 | Orc:2    | Reached skill level 7 in Hexes
 33639 | Orc:2    | Bought a potion of berserk rage for 65 gold pieces
 33840 | Orc:2    | Reached skill level 15 in Fighting
 34146 | Orc:2    | Paralysed by an orc sorcerer for 3 turns
 34329 | Orc:2    | Reached skill level 8 in Stealth
 34436 | Orc:2    | Reached skill level 3 in Air Magic
 34454 | Orc:2    | Reached skill level 10 in Spellcasting
 34597 | Orc:2    | Found Dauk Qas's Jewellery Shoppe.
 34597 | Orc:2    | Found Gaextiut's Antique Armour Emporium.
 34598 | Orc:2    | Found a one-way gate leading to the halls of Pandemonium.
 34632 | Orc:2    | Bought a scroll of identify for 30 gold pieces
 34632 | Orc:2    | Bought a scroll of identify for 30 gold pieces
 34632 | Orc:2    | Bought a scroll of identify for 30 gold pieces
 34632 | Orc:2    | Bought a scroll of summoning for 142 gold pieces
 34670 | Orc:2    | Bought 2 potions of might for 88 gold pieces
 34670 | Orc:2    | Bought a potion of might for 44 gold pieces
 34823 | Spider:1 | Entered Level 1 of the Spider Nest
 35218 | Spider:1 | Reached skill level 8 in Hexes
 35218 | Spider:1 | Reached skill level 4 in Air Magic
 35351 | Spider:1 | Noticed Mlioglotl
 35486 | Spider:1 | Killed Mlioglotl
 35643 | Spider:1 | Reached skill level 5 in Air Magic
 35932 | Spider:1 | Reached skill level 6 in Air Magic
 35932 | Spider:1 | Gained mutation: Your melee attacks may debilitate your
                  | foes. [demonic ancestry]
 35932 | Spider:1 | Reached XP level 16. HP: 114/136 MP: 20/30
 36861 | Spider:1 | Reached skill level 1 in Armour
 37201 | Spider:1 | Reached skill level 1 in Long Blades
 37291 | Spider:2 | Noticed Arachne
 37355 | Spider:2 | Killed Arachne
 37356 | Spider:2 | Reached skill level 7 in Air Magic
 37516 | Spider:2 | Reached skill level 2 in Armour
 37693 | Spider:2 | Reached skill level 2 in Long Blades
 38019 | Spider:2 | Learned a level 2 spell: Ensorcelled Hibernation
 38810 | Spider:2 | Reached skill level 3 in Armour
 39208 | Spider:3 | Reached skill level 3 in Long Blades
 40316 | Spider:3 | Reached skill level 4 in Armour
 40770 | Spider:4 | Entered Level 4 of the Spider Nest
 40776 | Spider:4 | Reached skill level 8 in Air Magic
 40854 | Spider:3 | Reached skill level 4 in Long Blades
 41275 | Spider:4 | Noticed Bai Suzhen
 41581 | Spider:4 | Reached skill level 11 in Dodging
 41777 | Spider:4 | Gained mutation: Spells you cast and wands you use may
                  | paralyse nearby enemies. [demonic ancestry]
 41777 | Spider:4 | Reached XP level 17. HP: 95/144 MP: 19/31
 42364 | Spider:4 | Reached skill level 5 in Armour
 42939 | Spider:4 | Reached skill level 5 in Long Blades
 43193 | Spider:4 | Reached skill level 16 in Fighting
 43724 | Spider:4 | Identified the +2 pair of boots of Impatience {rN+ Stlth+}
 43736 | Spider:4 | Identified the +0 pair of boots of Demiamis {Str+2}
 43791 | Spider:4 | Got a gossamer rune of Zot
 44067 | D:15     | Entered Level 15 of the Dungeon
 44367 | D:14     | Reached skill level 9 in Air Magic
 45145 | D:15     | Reached skill level 6 in Long Blades
 45440 | Vaults:1 | Entered Level 1 of the Vaults
 45440 | Vaults:1 | Found the +2 cloak of the Thief {*Fog Slay-2 SInv Stlth+}
 46432 | Vaults:1 | Reached skill level 12 in Dodging
 47178 | Vaults:1 | Reached skill level 7 in Long Blades
 47479 | Vaults:1 | Reached skill level 10 in Air Magic
 47692 | Vaults:1 | Reached XP level 18. HP: 138/153 MP: 7/32
 47840 | Vaults:1 | Learned a level 3 spell: Swiftness
 48029 | Vaults:1 | Found Arhoataotwi's Antique Armour Shoppe.
 48033 | Vaults:1 | Bought a glowing cloak for 322 gold pieces
 48314 | Vaults:1 | Reached skill level 17 in Fighting
 48583 | Vaults:1 | Found Kopuinof's Weapon Shoppe.
 48714 | Vaults:1 | Found Biddou's General Store.
 48719 | Vaults:1 | Found Zerefoeff's General Store.
 48732 | Vaults:1 | Found Miynasa's Weapon Boutique.
 48940 | Vaults:2 | Reached skill level 8 in Long Blades
 49998 | Vaults:2 | Reached skill level 13 in Dodging
 50604 | Vaults:2 | Noticed a curse skull
 50642 | Vaults:2 | HP: 13/155 [flayed ghost/flay_damage[a curse skull] (3)]
 50646 | Vaults:2 | HP: 6/155 [??? (3)]
 51032 | Elf:1    | Entered Level 1 of the Elven Halls
 51193 | Elf:1    | Found Geczesie's General Store.
 51448 | Elf:1    | Bought 3 scrolls of blinking for 382 gold pieces
 51448 | Elf:1    | Bought a scroll of fear for 68 gold pieces
 51448 | Elf:1    | Bought a scroll of teleportation for 51 gold pieces
 51596 | Elf:1    | Reached skill level 9 in Long Blades
 51878 | Elf:1    | Paralysed by an air elemental for 1 turns
 51881 | Elf:1    | Paralysed by an air elemental for 1 turns
 51884 | Elf:1    | Paralysed by an air elemental for 1 turns
 53136 | Elf:2    | Found a crumbling gateway.
 53301 | Desolati | Entered the Desolation of Salt
 53417 | Desolati | Reached skill level 18 in Fighting
 54003 | Desolati | Reached XP level 19. HP: 157/163 MP: 27/33
 54105 | Desolati | Reached skill level 10 in Long Blades
 54173 | Desolati | Reached skill level 14 in Dodging
 54505 | Desolati | Learned a level 4 spell: Airstrike
 54575 | Desolati | Identified the amulet "Wutoff" {Faith Str+3}
 54854 | Desolati | Identified the +9 executioner's axe "Oqeluthra" {freeze,
                  | rElec rPois Will+ Str-4}
 54857 | Desolati | Identified the amulet "Pimukle" {Spirit +Inv Str-3 Int-2
                  | Dex+8}
 55019 | Desolati | Identified the +3 quick blade of the Reaper {flame, rCorr
                  | Int+4 Dex+2 Stlth-}
 55030 | Desolati | Got the Commentary on the Fiery Swarm
 55181 | Desolati | Identified the ring "Laclykh" {rC+ Str-2 Int-2 Dex+7
                  | Stlth+}
 55184 | Desolati | Got the Quarto of the Five Tales
 55188 | Desolati | Got the Guide on the Wayfarer
 55647 | Desolati | Identified the +6 long sword of Integrity {pain, rElec rC+}
 55651 | Desolati | Got Cerebov's Reference Book on Arson
 55659 | Desolati | Learned a level 6 spell: Plasma Beam
 56413 | Desolati | Identified the ring "Todoecha" {Wiz Str+2 Int+2 Dex-2
                  | Slay+3}
 56426 | Desolati | Got the Papyrus of the Caustic Blizzard
 56550 | Desolati | Identified the +0 pair of gloves of Beauty {+Inv rPois}
 56747 | Desolati | Got Xuim's Writings on Blinking Pyromania
 57279 | Elf:2    | Found a runed translucent gate.
 57280 | Elf:2    | Found a runed translucent gate.
 57280 | Elf:2    | Found a runed translucent gate.
 57484 | Elf:2    | Reached skill level 11 in Long Blades
 57572 | Elf:3    | Entered Level 3 of the Elven Halls
 57586 | Elf:3    | HP: 14/157 [+1 heavy war axe (11)]
 57591 | Elf:3    | Slain by a +1 heavy war axe

Vanquished Creatures
  Arachne (Spider:2)
  Mlioglotl (Spider:1)
  A tengu reaver (Vaults:1)
  A deep elf sorcerer (Elf:2)
  8 emperor scorpions
  An imperial myrmidon (Desolation)
  3 vault wardens
  6 ghost moths
  An orc warlord (Vaults:1)
  A spriggan defender (Vaults:2)
  An ironbound thunderhulk (Vaults:1)
  2 broodmothers
  2 stone giants (Vaults:1)
  9 ironbound preservers
  A formless jellyfish (Vaults:1)
  7 dire elephants (Vaults:1)
  2 halazid warlocks (Desolation)
  A deep elf death mage (Elf:2)
  A spark wasp (Spider:4)
  A minotaur (Gauntlet)
  Snorg (Lair:5)
  Josephine (D:11)
  3 crystal guardians (Desolation)
  10 entropy weavers
  10 ragged hierophants
  A jiangshi (Vaults:2)
  2 vault guards (Vaults:1)
  10 peacekeepers (Desolation)
  4 great orbs of eyes
  2 yaktaur captains (Vaults:2)
  10 servants of whispers (Desolation)
  7 hydras
  An ogre mage (Orc:2)
  Harold (D:11)
  2 demonspawn (Orc:2)
  A sphinx zombie (Vaults:1)
  A catoblepas (Lair:2)
  14 centaur warriors
  2 ghost crabs (Lair:2)
  A jorogumo (Spider:3)
  A death knight (D:15)
  A radroach (Spider:4)
  14 dancing weapons
  9 two-headed ogres
  9 boulder beetles
  4 ironbound frosthearts
  6 tengu warriors
  2 orc high priests (Orc:2)
  10 demonic crawlers
  8 deep elf knights
  7 skeletal warriors
  A fire crab (Lair:4)
  A glowing orange brain (Vaults:1)
  8 pharaoh ants
  6 arcanists
  13 deep trolls
  8 orb spiders
  A sun moth (Spider:4)
  8 deep elf archers
  A steelbarb worm (shapeshifter) (Elf:1)
  A harpy (D:14)
  9 ironbound convokers
  A necromancer (Vaults:1)
  12 deep elf pyromancers
  20 wolf spiders
  5 steelbarb worms
  5 lindwurms
  5 orc knights
  6 ugly things
  13 deep elf zephyrmancers
  7 manticores
  10 orc sorcerers (Orc:2)
  3 oklob plants
  2 moths of wrath
  A salamander (shapeshifter) (D:14)
  4 cyclopes
  2 salamanders (Volcano)
  3 kobold blastminers
  7 guardian serpents (Desolation)
  12 meliai
  A meliai (shapeshifter) (D:14)
  6 vault sentinels
  A rust devil (Orc:2)
  2 ice statues (IceCv)
  6 black mambas
  7 cane toads
  A smoke demon (Orc:2)
  3 gargoyles
  4 molten gargoyles
  4 torpor snails
  Maggie (D:6)
  An unseen horror (D:12)
  Jeremiah (D:6)
  15 komodo dragons
  A tengu conjurer (D:15)
  An anaconda simulacrum (IceCv)
  2 rime drakes
  An unseen horror (shapeshifter) (Elf:2)
  2 efreet
  A kobold demonologist (D:12)
  A minotaur zombie (Gauntlet)
  3 ice devils (IceCv)
  7 yaktaurs
  5 freezing wraiths
  A polar bear (Lair:4)
  2 queen bees
  3 red devils (Orc:2)
  A hellwing (Orc:2)
  5 hornets (Spider:4)
  12 blink frogs (Lair:1)
  4 trolls
  Grinder (D:6)
  A raiju (shapeshifter) (D:14)
  85 saltlings
  23 tarantellas
  Prince Ribbit (D:8)
  4 dream sheep (Lair:3)
  An ettin zombie (Vaults:1)
  20 culicivoras
  18 slime creatures
  21 jumping spiders
  Sigmund (D:6)
  A centaur simulacrum (D:14)
  8 water elementals
  2 air elementals
  A shadow (D:12)
  7 wyverns
  A dire elephant simulacrum (IceCv)
  A fire elemental (Elf:1)
  A fire bat (Volcano)
  6 wraiths
  54 yaks
  2 vampires
  2 wargs (Orc:1)
  A spectral komodo dragon (Lair:2)
  A death yak simulacrum (Lair:5)
  58 redbacks
  11 vampire mosquitoes
  7 basilisks
  An elf skeleton (Vaults:1)
  2 steam dragons
  5 acid dragons
  11 water moccasins
  5 hell hounds
  32 orc warriors
  A sky beast (D:6)
  A black bear (D:5)
  5 ogres
  14 wolves
  2 laughing skulls (D:15)
  4 boggarts (Vaults:1)
  13 centaurs
  2 phantoms
  A spectral basilisk (Lair:2)
  4 kobold brigands
  11 bullfrogs
  4 scorpions
  4 two-headed ogre simulacra (IceCv)
  An earth elemental (Elf:1)
  A cane toad simulacrum (Lair:5)
  A human simulacrum (Vaults:1)
  26 killer bees
  5 electric eels
  14 jellies
  4 howler monkeys
  5 lava snakes (Lair:5)
  3 hounds
  2 bombardier beetles
  A gnoll bouda (D:6)
  3 sleepcaps
  31 orc priests
  Jessica (D:2)
  Terence (D:3)
  3 iguanas
  27 orc wizards
  Ijyb (D:3)
  3 troll simulacra (IceCv)
  2 polar bear simulacra
  5 wolf simulacra
  A spriggan simulacrum (IceCv)
  Robin (D:2)
  5 adders
  7 gnolls
  2 naga simulacra (IceCv)
  2 shadow imps (D:6)
  4 white imps
  A dart slug (D:4)
  78 orcs
  11 endoplasms
  3 giant cockroaches
  24 goblins
  4 hobgoblins
  5 jackals
  6 quokkas
  4 ball pythons
  2 bats (D:1)
  2 frilled lizards
  24 kobolds
  3 rats
1277 creatures vanquished.

Vanquished Creatures (collateral kills)
  Rupert (Lair:5)
  A basilisk (Lair:5)
2 creatures vanquished.

Vanquished Creatures (others)
  An ogre mage (D:14)
  A two-headed ogre (Volcano)
2 creatures vanquished.

Grand Total: 1281 creatures vanquished

Table legend: (Time is in decaauts)
 A = Elapsed time spent in this place.
 B = Non-inter-level travel time spent in this place.
 C = Inter-level travel time spent in this place.
 D = Time resting spent in this place.
 E = Time spent auto-exploring this place.
 F = Levels seen in this place.
 G = Mean time per level.
                   A        B        C        D        E       F      G
               +--------+--------+--------+--------+--------+-----+--------+
         Total |  57295 |  53739 |   3556 |   5321 |  38594 |  35 | 1637.0 |
       Dungeon |  23081 |  21392 |   1689 |   1805 |  16140 |  15 | 1538.7 |
          Lair |   8682 |   8029 |    653 |    523 |   6002 |   5 | 1736.4 |
   Spider Nest |   8459 |   7988 |    471 |    793 |   5863 |   4 | 2114.8 |
  Orcish Mines |   3138 |   2912 |    226 |    184 |   2130 |   2 | 1569.0 |
   Elven Halls |   2957 |   2824 |    133 |    356 |   1974 |   3 |  985.7 |
        Vaults |   5046 |   4664 |    382 |    464 |   3380 |   2 | 2523.0 |
      Ice Cave |    908 |    908 |      0 |    324 |    381 |   1 |  908.0 |
       Volcano |    616 |    616 |      0 |    125 |    332 |   1 |  616.0 |
    Desolation |   3445 |   3445 |      0 |    562 |   1855 |   1 | 3445.0 |
      Gauntlet |    958 |    958 |      0 |    184 |    535 |   1 |  958.0 |
               +--------+--------+--------+--------+--------+-----+--------+

Top non-repeatable levels by time:
Desolation: 3445 daAuts
Vaults:1: 3326 daAuts
    D:13: 3232 daAuts
    D:12: 2610 daAuts
   Orc:2: 2411 daAuts
Spider:3: 2384 daAuts
    D:11: 2331 daAuts
Spider:4: 2282 daAuts
   Elf:1: 2228 daAuts
Spider:1: 2126 daAuts
  Lair:5: 2121 daAuts
  Lair:2: 2119 daAuts
     D:6: 1877 daAuts
    D:14: 1746 daAuts
Vaults:2: 1719 daAuts

Table legend:
 A = Non-vault XP
 B = Vault XP
 C = Vault XP percentage of total XP
 D = Non-vault monster count
 E = Vault monster count
 F = Vault count percentage of total count
                 A         B        C        D         E       F
            +---------+---------+-------+---------+---------+-------
      Total |  231319 |  204643 |  46.9 |     741 |     540 |  42.2
            +---------+---------+-------+---------+---------+-------
        D:1 |      22 |      20 |  47.6 |      14 |      10 |  41.7
        D:2 |      10 |      56 |  84.8 |       5 |       5 |  50.0
        D:3 |      21 |     106 |  83.5 |       6 |      15 |  71.4
        D:4 |     194 |       1 |   0.5 |      19 |       1 |   5.0
        D:5 |     486 |       0 |   0.0 |       8 |       0 |   0.0
        D:6 |    1276 |    1293 |  50.3 |      36 |       4 |  10.0
        D:7 |     743 |      41 |   5.2 |      15 |       1 |   6.2
        D:8 |     640 |     882 |  58.0 |       9 |      27 |  75.0
        D:9 |    2870 |     743 |  20.6 |      25 |       1 |   3.8
       D:10 |    3976 |     558 |  12.3 |      22 |       5 |  18.5
       D:11 |    5109 |    3165 |  38.3 |      28 |      10 |  26.3
       D:12 |    5988 |     802 |  11.8 |      16 |       1 |   5.9
       D:13 |   11152 |    9607 |  46.3 |      28 |      13 |  31.7
       D:14 |   11090 |    5153 |  31.7 |      27 |      10 |  27.0
       D:15 |    9598 |    4610 |  32.4 |      19 |      21 |  52.5
     Lair:1 |   11081 |       0 |   0.0 |      48 |       0 |   0.0
     Lair:2 |    4304 |    2938 |  40.6 |      14 |       9 |  39.1
     Lair:3 |    7612 |     592 |   7.2 |      28 |       1 |   3.4
     Lair:4 |    6097 |       0 |   0.0 |      18 |       0 |   0.0
     Lair:5 |    3323 |   10391 |  75.8 |      10 |      46 |  82.1
   Spider:1 |   19128 |    6529 |  25.4 |      52 |       7 |  11.9
   Spider:2 |   16123 |    1925 |  10.7 |      42 |       1 |   2.3
   Spider:3 |   20757 |       0 |   0.0 |      34 |       0 |   0.0
   Spider:4 |   13414 |   17736 |  56.9 |      31 |      39 |  55.7
      Orc:1 |    2842 |       0 |   0.0 |      39 |       0 |   0.0
      Orc:2 |    5136 |   15852 |  75.5 |      38 |      67 |  63.8
      Elf:1 |   13912 |    7132 |  33.9 |      23 |      11 |  32.4
      Elf:2 |   15834 |    5016 |  24.1 |      23 |       8 |  25.8
      Elf:3 |    1032 |       0 |   0.0 |       2 |       0 |   0.0
   Vaults:1 |   24301 |   23390 |  49.0 |      42 |      30 |  41.7
   Vaults:2 |   13248 |   14867 |  52.9 |      20 |      20 |  50.0
      IceCv |       0 |    3457 | 100.0 |       0 |      24 | 100.0
    Volcano |       0 |    3136 | 100.0 |       0 |      10 | 100.0
 Desolation |       0 |   60579 | 100.0 |       0 |     130 | 100.0
   Gauntlet |       0 |    4066 | 100.0 |       0 |      13 | 100.0
            +---------+---------+-------+---------+---------+-------
